 Dungeon Crawl Stone Soup version 0.30-a0-553-g7fabdf1491 (webtiles) character file.

Game seed: 12743056980664854337

1139 bande the Chopper (level 8, -1/48 HPs)
             Began as a Gargoyle Fighter on Dec 27, 2022.
             Was a Believer of Okawaru.
             Slain by a manticore (5 damage)
             ... on level 6 of the Dungeon.
             The game lasted 00:07:54 (4539 turns).

bande the Chopper (Gargoyle Fighter)                Turns: 4539, Time: 00:07:54

Health: -1/48      AC: 17    Str: 26    XL:     8   Next: 37%
Magic:  10/10      EV:  3    Int:  9    God:    Okawaru [**....]
Gold:   397        SH: 14    Dex: 11    Spells: 7/7 levels left

rFire   . . .      SeeInvis .    a - +1 war axe (freeze)
rCold   . . .      Faith    .    i - +1 tower shield
rNeg    + . .      Spirit   .    n - +0 plate armour
rPois   ∞          Reflect  .    (no helmet)
rElec   +          Harm     .    (no cloak)
rCorr   .          Rampage  .    (no gloves)
Will    .....                    (no boots) Stlth
                                 (no amulet)
HPRegen 0.28/turn                m - +6 ring of strength
MPRegen 0.12/turn                (no ring)

@: no status effects
A: sickness immunity, AC +5, negative energy resistance 1, electricity
resistance, torment resistance 1, petrification resistance
a: Renounce Religion, Heroism


You were on level 6 of the Dungeon.
You worshipped Okawaru.
Okawaru was pleased with you.
You visited 1 branch of the dungeon, and saw 6 of its levels.

You collected 397 gold pieces.

Inventory:

Hand Weapons
 a - a +1 war axe of freezing (weapon)
 q - a +0 flail
Armour
 i - a +1 tower shield (worn)
 n - a +0 plate armour (worn)
Jewellery
 m - a +6 ring of strength (left hand)
Wands
 e - a wand of polymorph (3)
 o - a wand of paralysis (6)
 p - a wand of flame (17)
Scrolls
 b - a scroll of enchant weapon
 c - 3 scrolls of teleportation
 l - 2 scrolls of blinking
Potions
 d - a potion of might
 f - a potion of resistance
 g - 2 potions of heal wounds
 h - a potion of brilliance
 j - 4 potions of curing
 k - a potion of mutation
 s - a potion of berserk rage {unknown}
 t - a potion of haste {unknown}


   Skills:
 + Level 4.7 Fighting
 + Level 5.7 Axes
 + Level 5.1 Armour
 + Level 5.4 Shields
 * Level 3.8 Invocations
 * Level 1.3 Evocations


You had 7 spell levels left.
You didn't know any spells.
Your spell library contained the following spells:

 Spells                   Type           Power      Damage    Failure   Level
 Wereblood                Tmut           0%         N/A       100%        2
 Gell's Gravitas          Tloc           0%         N/A       100%        3
 Ozocubu's Armour         Ice            0%         N/A       100%        3
 Teleport Other           Tloc           0%         N/A       100%        3
 Conjure Ball Lightning   Conj/Air       0%         3x3d6     100%        6
 Dispersal                Tloc           0%         N/A       100%        6
 Ozocubu's Refrigeration  Ice            0%         4d7       100%        7
 Storm Form               Tmut/Air       0%         N/A       100%        7
 Discord                  Hex            0%         N/A       100%        8
 Disjunction              Tloc           0%         N/A       100%        8
 Maxwell's Capacitive Co  Air            0%         ∞         100%        8
 Summon Lightning Spire   Summ/Air       Unusable   N/A       N/A         4

Dungeon Overview and Level Annotations

Branches:
Dungeon (6/15)             Temple (0/1) D:4

Altars:
Hepliaklqana
Kikubaaqudgha
Nemelex Xobeh
Okawaru
Qazlal
Ru
Uskayaw
Vehumet
Xom
Yredelemnul

Shops:
D:3 =


Innate Abilities, Weirdness & Mutations

You are immune to sickness and miasma.
Your stone body is resilient. (AC +5)
You are immune to poison.
You resist negative energy. (rN+)
You are resistant to electric shocks. (rElec)
You are resistant to unholy torment.
You are immune to petrification.


Message History

[Y]es or [N]o only, please.
The barbs in your skin will harm you if you move.
Continue? [Y]es or [N]o only, please.
The barbs in your skin will harm you if you move.
Continue?
Okay, then.
A komodo dragon comes into view.
The komodo dragon hisses angrily.
The manticore flicks its tail.
The volley of spikes hits you.
The barbed spikes become lodged in your body.
You hear a shout!
A gnoll bouda comes into view. It is wielding a +0 club.
The manticore flicks its tail.
You block the volley of spikes.
You barely miss the manticore.
The manticore bites you but does no damage.
The manticore completely misses you. The manticore claws you.
You block the manticore's attack.
The manticore claws you but does no damage.
You block the manticore's attack.
You slash the manticore! You freeze the manticore.
The manticore is moderately wounded.
You carefully extract the barbed spikes from your body.
You block the manticore's attack. The manticore claws you.
The manticore barely misses you.
A jelly comes into view.
The manticore bites you!
The manticore claws you but does no damage. x2
You hit the manticore. You freeze the manticore.
The manticore is moderately wounded.
The manticore bites you!
* * * LOW HITPOINT WARNING * * *
The manticore claws you but does no damage.
You block the manticore's attack.
You hit the manticore. You freeze the manticore.
The manticore is moderately wounded.
The manticore bites you but does no damage.
The manticore claws you but does no damage.
The manticore claws you.
You die...

#.#.# ### #.#.######
###########.#('.._..
.........##...###.##
.#######.###..# #.#
#.##...###'##
#............
########...........
#.@.##...#.........
#H#..#.#.#.#.#####.
#l##....###..# #. Wg
###### ##.. #. ##.
##. #. #. .# #. #.
#.


You could see a manticore, a komodo dragon, a phantom and a gnoll bouda.

Vanquished Creatures
  A water moccasin (D:5)
  A black bear (D:5)
  3 phantoms
  2 scorpions (D:4)
  2 howler monkeys (D:5)
  2 vampire bats (D:4)
  2 jellies
  2 hounds
  5 iguanas
  A gnoll (D:3)
  9 adders
  2 ufetubi
  4 dart slugs
  12 orcs
  4 bats
  2 bat skeletons (D:4)
  4 bat zombies (D:4)
  7 endoplasms
  2 giant cockroaches
  7 goblins
  3 hobgoblins
  6 jackals
  4 kobolds
  A quokka (D:1)
  5 ball pythons
  4 frilled lizards
  6 rats
103 creatures vanquished.

Vanquished Creatures (others)
  A centaur (D:5)
  A hound (D:5)
  A jelly (D:5)
  2 adders (D:5)
  An orc (D:5)
6 creatures vanquished.

Grand Total: 109 creatures vanquished

Notes
Turn   | Place    | Note
-------+----------+-------------------------------------------
     0 | D:1      | bande the Gargoyle Fighter began the quest for the Orb.
     0 | D:1      | Reached XP level 1. HP: 14/14 MP: 1/1
   110 | D:1      | Reached XP level 2. HP: 19/19 MP: 2/2
   840 | D:2      | Got the Teachings on Transfiguration and Clouds
   869 | D:2      | Found a faded altar of an unknown god.
   885 | D:2      | Reached XP level 3. HP: 23/23 MP: 3/3
  1057 | D:2      | Reached XP level 4. HP: 26/28 MP: 4/4
  1714 | D:3      | Found Mahiskel's Jewellery Emporium.
  2222 | D:3      | Found an iron altar of Okawaru.
  2234 | D:3      | Became a worshipper of Warmaster Okawaru
  2437 | D:4      | Noticed a scorpion
  2447 | D:4      | Killed a scorpion
  2448 | D:4      | Reached XP level 5. HP: 25/33 MP: 5/5
  2504 | D:4      | Found a sparkling altar of Nemelex Xobeh.
  2538 | D:4      | Reached skill level 1 in Invocations
  2592 | D:4      | Found a radiant altar of Vehumet.
  2705 | D:4      | Reached XP level 6. HP: 36/38 MP: 5/7
  2835 | D:4      | Found an ancient bone altar of Kikubaaqudgha.
  2844 | D:4      | Reached * piety under Okawaru
  2937 | D:4      | Found a basalt altar of Yredelemnul.
  2963 | D:4      | Found a hide-covered altar of Uskayaw.
  3056 | D:4      | Found a staircase to the Ecumenical Temple.
  3204 | D:4      | Reached XP level 7. HP: 43/43 MP: 8/8
  3277 | D:5      | Entered Level 5 of the Dungeon
  3416 | D:5      | Reached ** piety under Okawaru
  3420 | D:5      | Reached skill level 5 in Axes
  3420 | D:5      | Reached skill level 5 in Shields
  3798 | D:5      | Found a sacrificial altar of Ru.
  3839 | D:5      | Found a shimmering altar of Xom.
  3864 | D:5      | Reached XP level 8. HP: 45/48 MP: 10/10
  3866 | D:5      | Reached skill level 5 in Armour
  3870 | D:5      | Reached skill level 1 in Evocations
  3894 | D:5      | Found a stormy altar of Qazlal.
  4191 | D:5      | Found Ighedied's Assorted Antiques.
  4491 | D:6      | Found a hazy altar of Hepliaklqana.
  4530 | D:6      | Noticed a manticore
  4531 | D:6      | Noticed a komodo dragon
  4539 | D:6      | Slain by a manticore

Illustrated notes

Levels and vault maps discovered:
D:1:      lemuel_arrival_room, layout_basic
D:2:      wad_pebble_path, layout_loops_ring, hellmonk_ecumenical_altar_lost_god
D:3:      layout_loops_corners, okawaru_altar_gauntlet_db, serial_shops,
          nicolae_shop_trees, small_statue_intersection
D:4:      layout_basic, nemelex_altar_shiori, kennysheep_vampire_church,
          mainiacjoe_overflow_small_starburst, mainiacjoe_overflow_two_lobes,
          minmay_temple_entry_water_ring
D:5:      kennysheep_spiral_hall, layout_loops_cross, grunt_qazlal_sundering,
          xom_confusion_cloud, nicolae_ru_path_of_blood, serial_shops, shop
D:6:      layout_basic, bloody_makhleb, lemuel_doored_altar,
          minmay_manual_monstrance

Skill      XL: |  1  2  3  4  5  6  7  8 |
---------------+-------------------------+-----
Axes           | 2 3 4 5 |  5.7
Armour         | 4 5 |  5.1
Shields        | 4 5 |  5.4
Invocations    | 1 2 3 |  3.8
Fighting       | 4 |  4.7
Evocations     | 1 |  1.3

Action                   |  1- 3 |  4- 6 |  7- 9 || total
-------------------------+-------+-------+-------++-------
Melee: War axe           |    77 |   138 |    87 ||   302
  Use: Scroll            |     5 |    10 |     3 ||    18
Armor: Scale mail        |    38 |       |       ||    38
       Chain mail        |    19 |     5 |       ||    24
       Plate armour      |       |   119 |    60 ||   179
Dodge: Dodged            |    20 |    22 |    12 ||    54
Block: Buckler           |     8 |       |       ||     8
       Tower shield      |    42 |   116 |    74 ||   232

Table legend: (Time is in decaauts)
 A = Elapsed time spent in this place.
 B = Non-inter-level travel time spent in this place.
 C = Inter-level travel time spent in this place.
 D = Time resting spent in this place.
 E = Time spent auto-exploring this place.
 F = Levels seen in this place.
 G = Mean time per level.
                   A        B        C        D        E       F      G
               +--------+--------+--------+--------+--------+-----+--------+
         Total |   4739 |   4672 |     67 |      0 |   3668 |   6 |  789.8 |
       Dungeon |   4739 |   4672 |     67 |      0 |   3668 |   6 |  789.8 |
               +--------+--------+--------+--------+--------+-----+--------+

Top non-repeatable levels by time:
     D:5: 1053 daAuts
     D:4: 930 daAuts
     D:3: 906 daAuts
     D:1: 848 daAuts
     D:2: 741 daAuts
     D:6: 260 daAuts
